 Dungeon Crawl Stone Soup version 0.21.1-1-g345015f (webtiles) character file.

277 Ninn the Covert (level 6, -5/35 HPs)
             Began as a Kobold Assassin on May 4, 2018.
             Slain by Nulkur's ghost (6 damage)
             ... on level 4 of the Dungeon.
             The game lasted 00:11:39 (2431 turns).

Ninn the Covert (Kobold Assassin)                   Turns: 2431, Time: 00:11:40

Health: -5/35      AC:  4    Str:  8    XL:     6   Next: 50%
Magic:  6/6        EV: 14    Int: 13    God:
Gold:   105        SH:  0    Dex: 20    Spells: 5/5 levels left

rFire    + . .     SeeInvis .   a - +2 dagger
rCold    . . .     Gourm    .   (shield restricted)
rNeg     . . .     Faith    .   c - +0 robe
rPois    .         Spirit   .   (no helmet)
rElec    .         Reflect  .   d - +0 cloak
rCorr    .         Harm     .   s - +0 pair of gloves
MR       .....                  (no boots)
Stlth    +++++.....             (no amulet)
HPRegen  0.11/turn              (no ring)
MPRegen  0.10/turn              (no ring)

@: berserk cooldown, slowed, very slow
A: small, agile 1, carnivore, fire resistance 1
a: no special abilities


You were on level 4 of the Dungeon.
You were full.

You visited 1 branch of the dungeon, and saw 4 of its levels.

You collected 105 gold pieces.

Inventory:

Hand Weapons
 a - a +2 dagger (weapon)
 b - a +0 blowgun
Missiles
 e - 8 poisoned needles
 f - 2 curare-tipped needles
 m - 3 needles of confusion
Armour
 c - a +0 robe (worn)
 d - a +0 cloak (worn)
 s - a +0 pair of gloves (worn)
Wands
 u - a wand of paralysis (11)
Scrolls
 h - 2 scrolls of teleportation {unknown}
 n - a scroll of fog {unknown}
 o - 3 scrolls of identify {unknown}
 p - a scroll of random uselessness {unknown}
 q - a scroll of remove curse {unknown}
 w - a scroll of magic mapping {unknown}
Potions
 k - 3 potions of flight
Comestibles
 g - 3 rations


   Skills:
 - Level 2.1 Fighting
 + Level 4.2 Short Blades
 - Level 2.1 Throwing
 - Level 1.2 Dodging
 + Level 9.6 Stealth


You had 5 spell levels left.
You didn't know any spells.

Dungeon Overview and Level Annotations

Branches:
Dungeon (4/15)
 Temple: D:4-7

Altars:
Kikubaaqudgha
Xom

Annotations:
D:4 Nulkur's ghost, novice KoAs


Innate Abilities, Weirdness & Mutations

You are small and have problems with some larger weapons.
You are carnivorous and can eat meat at any time.
You are agile. (Dex +2)
Your flesh is heat resistant. (rF+)


Message History

Nulkur's ghost hits you.
* * * LOW HITPOINT WARNING * * *
It was a potion of mutation.
You feel extremely strange.
You feel resistant to heat.
You feel stupid.
You feel clever.
You feel agile. Nulkur's ghost barely misses you. Nulkur's ghost hits you.
* * * LOW HITPOINT WARNING * * *
Okay, then.
Okay, then.
Okay, then.
You miss Nulkur's ghost.
Nulkur's ghost is almost destroyed.
Nulkur's ghost barely misses you.
You closely miss Nulkur's ghost.
Nulkur's ghost is almost destroyed.
Nulkur's ghost hits you.
* * * LOW HITPOINT WARNING * * *
You hit Nulkur's ghost but do no damage.
Nulkur's ghost is almost destroyed.
Nulkur's ghost barely misses you. Nulkur's ghost hits you.
You die...

#..# .... #..#
..... #..# #.#..
#######..# ....
.........# ....
#......#
#..#####......#
#.......)..@W.#
#..##..[.)....#
#............##
......###.#.##.###
.#### #.#.##...
##.#.#####.#
#....# # #..###
#..#


You could see Nulkur's ghost.

Vanquished Creatures
  The ghost of Nulkur the Sneak, an amateur KoWn (D:3)
  An orc priest (D:4)
  Jessica (D:2)
  Terence (D:2)
  6 adders
  An ooze (D:2)
  2 worms
  A dart slug (D:1)
  2 leopard geckos (D:2)
  2 orcs (D:4)
  10 bats
  A giant cockroach (D:1)
  6 goblins
  5 hobgoblins
  3 jackals
  8 kobolds
  A quokka (D:2)
  4 frilled lizards
  9 rats
65 creatures vanquished.

Notes
Turn   | Place    | Note
-------+----------+-------------------------------------------
     0 | D:1      | Ninn the Kobold Assassin began the quest for the Orb.
     0 | D:1      | Reached XP level 1. HP: 12/12 MP: 1/1
   145 | D:1      | Reached XP level 2. HP: 17/17 MP: 2/2
   150 | D:1      | Reached skill level 6 in Stealth
   606 | D:1      | Reached XP level 3. HP: 20/21 MP: 3/3
   782 | D:2      | Noticed Terence
   787 | D:2      | Found a shimmering altar of Xom.
   822 | D:2      | Killed Terence
   822 | D:2      | Reached skill level 7 in Stealth
   876 | D:2      | Reached XP level 4. HP: 26/26 MP: 4/4
  1356 | D:2      | Reached skill level 8 in Stealth
  1609 | D:2      | Noticed Jessica
  1627 | D:2      | Killed Jessica
  1627 | D:2      | Reached XP level 5. HP: 10/30 MP: 5/5
  1875 | D:2      | Found an ancient bone altar of Kikubaaqudgha.
  2295 | D:3      | Noticed Nulkur's ghost (amateur KoWn)
  2324 | D:4      | Reached skill level 9 in Stealth
  2324 | D:4      | Reached XP level 6. HP: 31/35 MP: 6/6
  2331 | D:4      | Noticed a phantom
  2345 | D:4      | Noticed Nulkur's ghost (novice KoAs)
  2369 | D:3      | Killed Nulkur's ghost
  2428 | D:4      | Gained mutation: Your flesh is heat resistant. (rF+) [potion of mutation]
  2428 | D:4      | Gained mutation: You are dopey. (Int -2) [potion of mutation]
  2428 | D:4      | Lost mutation: You are dopey. (Int -2) [potion of mutation]
  2428 | D:4      | Gained mutation: You are agile. (Dex +2) [potion of mutation]
  2430 | D:4      | HP: 1/35 [Nulkur's ghost (2)]
  2431 | D:4      | Slain by Nulkur's ghost

Skill      XL: |  1  2  3  4  5  6 |
---------------+-------------------+-----
Stealth        | 6 7 8 9 |  9.6
Short Blades   | 3 4 |  4.2
Fighting       | |  2.1
Throwing       | |  2.1
Dodging        | |  1.2

Action                   |  1- 3 |  4- 6 || total
-------------------------+-------+-------++-------
Melee: Dagger            |    41 |   206 ||   247
 Fire: Blowgun           |     7 |    18 ||    25
  Use: Potion            |       |     9 ||     9
 Stab: Sleeping          |    10 |     7 ||    17
       Distracted        |       |     1 ||     1
  Eat: Chunk             |       |     9 ||     9
Armor: Robe              |     9 |    36 ||    45
       Skin              |       |    22 ||    22
Dodge: Dodged            |    22 |   121 ||   143
